Map: [ESL] Inside and Out

Players

DnS

  • Race: Protoss Protoss
  • Spawn Location: 1:00

trigger - Winner!

  • Race: Protoss Protoss
  • Spawn Location: 7:00

Event: DreamHack SC2 Masters 2022 Valencia

VOD

Have the link to the VOD?

Description

Time

  • Played on: July 1, 2022, 11:44 a.m.
  • Length: 10:29

All games in this series

Show
View Real Time Build Order
Export as new Build Order

DnS Protoss 

Build Orders: Phoenix Opening 

Get SALT Encoding   

  12  0:00  Probe  
  13  0:12  Probe  
  14  0:18  Pylon  
  14  0:24  Probe (Chrono Boost)  
  15  0:37  Probe (Chrono Boost)  
  15  0:38  Gateway  
  16  0:45  Probe (Chrono Boost)  
  16  0:46  Assimilator  
  17  0:51  Probe  
  18  0:58  Assimilator  
  18  1:03  Probe (Chrono Boost)  
  19  1:05  Pylon  
  19  1:13  Probe (Chrono Boost)  
  19  1:18  Probe (Chrono Boost)  
  21  1:25  Cybernetics Core  
  21  1:29  Probe  
  22  1:34  Zealot  
  24  1:41  Probe  
  25  1:53  Probe  
  26  2:00  Pylon  
  26  2:04  Stalker  
  26  2:05  Probe  
  29  2:13  Stargate  
  29  2:18  Probe  
  30  2:30  Probe  
  30  2:36  Warp Gate  
  31  2:42  Probe  
  31  2:43  Cybernetics Core  
  31  2:58  Nexus  
  31  3:01  Pylon  
  31  3:14  Shield Battery  
  31  3:18  Phoenix (Chrono Boost)  
  31  3:19  Probe  
  34  3:28  Stalker  
  34  3:31  Probe  
  37  3:35  Pylon  
  37  3:42  Phoenix (Chrono Boost)  
  39  3:52  Twilight Council  
  39  3:53  Probe  
  40  4:05  Phoenix (Chrono Boost)  
  40  4:09  Probe (Chrono Boost)  
  43  4:10  Probe (Chrono Boost)  
  44  4:20  Probe (Chrono Boost)  
  44  4:21  Probe (Chrono Boost)  
  46  4:25  Stalker, Probe  
  46  4:29  Probe  
  46  4:31  Blink (Chrono Boost)  
  50  4:37  Probe  
  51  4:41  Probe  
  51  4:43  Gateway  
  55  4:53  Probe  
  55  4:57  Assimilator  
  55  4:58  Robotics Facility  
  53  5:00  Shield Battery  
  53  5:07  Probe x2  
  55  5:08  Stalker  
  55  5:12  Pylon  
  57  5:15  Gateway  
  57  5:19  Probe  
  57  5:20  Probe  
  59  5:29  Oracle (Chrono Boost)  
  59  5:31  Probe  
  59  5:32  Probe  
  64  5:40  Gateway  
  64  5:43  Probe  
  64  5:44  Probe  
  64  5:45  Observer (Chrono Boost)  
  64  5:46  Stalker  
  64  5:47  Pylon  
  69  5:51  Pylon  
  69  5:55  Probe  
  70  6:04  Immortal  
  73  6:12  Stalker x3  
  79  6:20  Pylon  
  74  6:40  Stalker x3  
  80  6:58  Probe x2  
  81  7:08  Nexus  
  81  7:11  Stalker x3  
  81  7:13  Probe  
  85  7:17  Probe  
  85  7:20  Pylon  
  86  7:23  Observer  
  86  7:25  Probe  
  86  7:29  Pylon, Probe, Forge  
  89  7:31  Gateway  
  89  7:33  Gateway  
  89  7:34  Stalker  
  89  7:36  Stalker  
  93  7:37  Probe  
  93  7:39  Gateway  
  93  7:42  Stalker  
  93  7:53  Probe  
  93  7:54  Probe  
  93  7:57  Charge  
  95  8:05  Sentry, Shield Battery  
  97  8:06  Sentry, Probe x2 (Chrono Boost)  
  97  8:07  Protoss Ground Weapons Level 1 (Chrono Boost)  
  101  8:16  Gateway x2  
  101  8:18  Probe x2 (Chrono Boost)  
  102  8:21  Assimilator  
  102  8:26  Probe x3 (Chrono Boost)  
  105  8:29  Assimilator  
  105  8:32  Probe  
  106  8:34  Probe  
  106  8:37  Zealot  
  106  8:39  Zealot x2  
  104  8:50  Observer  
  104  8:52  Zealot x4  
  96  9:08  Stalker x3  
  92  9:15  Zealot  
  92  9:16  Zealot x3  
  92  9:19  Probe x3  
  93  9:26  Sentry  
  95  9:31  Templar Archives, Probe  
  95  9:33  Stalker x2  
  95  9:34  Stalker x2  
  95  9:38  Zealot x3  
  106  9:42  Zealot  
  95  9:51  Zealot  
  87  9:57  Zealot x4  
  87  9:59  Stalker  
  91  10:00  Stalker  
  91  10:06  Stalker  
  91  10:07  Stalker  
  93  10:17  Zealot x2  
  93  10:18  Zealot x2  
  91  10:24  Zealot x3  
Show
View Real Time Build Order
Export as new Build Order

trigger Protoss - Winner!

Build Orders: Oracle Opening 

Get SALT Encoding   

  12  0:00  Probe  
  13  0:12  Probe  
  14  0:19  Pylon  
  14  0:24  Probe  
  15  0:37  Probe (Chrono Boost)  
  15  0:38  Gateway  
  16  0:46  Probe (Chrono Boost), Assimilator  
  17  0:51  Probe  
  18  1:03  Probe (Chrono Boost)  
  19  1:05  Assimilator  
  19  1:06  Pylon  
  19  1:12  Probe (Chrono Boost)  
  19  1:18  Probe (Chrono Boost)  
  21  1:26  Cybernetics Core  
  21  1:30  Probe  
  24  1:42  Probe  
  25  1:54  Probe  
  26  2:02  Pylon  
  26  2:05  Stalker (Chrono Boost), Stargate  
  26  2:09  Probe  
  26  2:13  Pylon  
  27  2:20  Warp Gate  
  27  2:21  Probe  
  28  2:27  Pylon  
  28  2:29  Stalker  
  30  2:34  Probe  
  30  2:46  Probe  
  31  2:54  Oracle  
  34  3:00  Probe  
  34  3:02  Stalker  
  36  3:12  Probe  
  37  3:13  Pylon  
  37  3:24  Probe, Gateway  
  38  3:35  Nexus  
  38  3:40  Probe  
  39  3:45  Twilight Council  
  39  3:52  Probe  
  40  4:05  Probe  
  41  4:17  Pylon, Probe  
  42  4:19  Blink (Chrono Boost)  
  42  4:23  Stalker x2  
  46  4:29  Probe  
  47  4:38  Dark Shrine  
  47  4:41  Probe (Chrono Boost)  
  48  4:49  Probe (Chrono Boost)  
  48  4:50  Assimilator  
  50  4:53  Probe (Chrono Boost)  
  50  4:57  Stalker, Probe (Chrono Boost)  
  50  4:58  Probe (Chrono Boost)  
  54  5:00  Stalker  
  54  5:02  Probe (Chrono Boost)  
  57  5:07  Probe  
  57  5:10  Gateway  
  58  5:15  Probe  
  58  5:20  Stalker  
  61  5:26  Stalker  
  61  5:27  Probe (Chrono Boost)  
  63  5:32  Shield Battery  
  63  5:33  Probe (Chrono Boost)  
  61  5:37  Probe (Chrono Boost)  
  61  5:41  Probe (Chrono Boost)  
  61  5:42  Probe (Chrono Boost)  
  62  5:51  Stalker x2  
  66  5:57  Nexus  
  66  6:04  Stalker  
  66  6:05  Pylon  
  68  6:13  Probe  
  68  6:15  Probe  
  70  6:20  Pylon  
  70  6:21  Robotics Facility  
  70  6:24  Forge  
  70  6:29  Stalker  
  70  6:31  Probe  
  68  6:35  Stalker  
  70  6:40  Probe  
  70  6:43  Probe  
  72  6:51  Stalker  
  72  6:53  Probe (Chrono Boost)  
  75  6:54  Protoss Ground Weapons Level 1 (Chrono Boost)  
  75  6:55  Charge (Chrono Boost)  
  75  6:56  Stalker  
  75  6:57  Probe (Chrono Boost)  
  78  7:07  Stalker  
  81  7:08  Probe (Chrono Boost)  
  81  7:10  Probe (Chrono Boost)  
  81  7:14  Probe (Chrono Boost)  
  81  7:15  Probe (Chrono Boost)  
  80  7:18  Probe  
  80  7:19  Observer (Chrono Boost)  
  83  7:25  Gateway  
  83  7:26  Probe, Gateway  
  83  7:28  Sentry, Gateway  
  86  7:32  Gateway  
  86  7:33  Probe  
  87  7:38  Gateway  
  87  7:41  Sentry  
  87  7:42  Zealot  
  91  7:48  Warp Prism (Chrono Boost)  
  91  7:57  Zealot  
  92  8:01  Pylon  
  92  8:04  Pylon  
  92  8:07  Gateway  
  92  8:10  Gateway  
  92  8:11  Pylon  
  92  8:13  Pylon  
  92  8:17  Pylon  
  92  8:21  Zealot x4  
  92  8:23  Zealot x2  
  104  8:27  Zealot  
  106  8:36  Pylon  
  104  8:42  Zealot x3  
  104  8:43  Zealot  
  104  8:46  Zealot x2  
  104  8:47  Zealot  
  106  8:59  Zealot  
  94  9:05  Zealot x2  
  94  9:06  Zealot x5  
  94  9:07  Zealot x4  
  96  9:15  Warp Prism (Chrono Boost)  
  89  9:28  Zealot x7  
  101  9:40  Zealot x3  
  97  9:50  Zealot x6  
  95  10:06  Zealot x2  
  95  10:07  Zealot x2  
  101  10:10  Stalker x2  
  101  10:18  Stalker x3  
  105  10:24  Stalker  
  101  10:28  Stalker x3  

Tags
 
Add a new tag
Caveats
  • Supply blocks, unpowered buildings, or Contaminate may cause inaccurate times.
  • Supply counts are checked every 10 seconds.